 Dungeon Crawl Stone Soup version 0.19.0-24-gb05acd6 (webtiles) character file.

655 Millan the Shield-Bearer (level 7, -1/55 HPs)
             Began as a Formicid Fighter on Nov 21, 2016.
             Was an Initiate of Ru.
             Killed from afar by an electric eel (6 damage)
             ... with a bolt of electricity
             ... on level 5 of the Dungeon.
             The game lasted 00:07:28 (4360 turns).

Millan the Shield-Bearer (Formicid Fighter)         Turns: 4360, Time: 00:07:29

Health: -1/55      AC:  9    Str: 23    XL:     7   Next: 85%
Magic:  7/7        EV:  9    Int:  7    God:    Ru [......]
Gold:   155        SH: 11    Dex: 10    Spells: 0 memorised, 6 levels left

rFire  . . .     SeeInvis +     a - +0 trident
rCold  . . .     Gourm    .     b - +0 scale mail
rNeg   . . .     Faith    .     t - +0 shield
rPois  .         Spirit   .     (helmet unavailable)
rElec  .         Reflect  .     o - +0 cloak
rCorr  .         Harm     .     (no gloves)
MR     .....                    h - +0 pair of boots
Stlth  ..........               (no amulet)
                                (no ring)
                                (no ring)

@: no status effects
A: permanent stasis, dig shafts and tunnels, four strong arms, antennae 3
a: Dig, Shaft Self, Renounce Religion


You were on level 5 of the Dungeon.
You worshipped Ru.
Ru was noncommittal.
You were not hungry.

You visited 2 branches of the dungeon, and saw 6 of its levels.

You collected 204 gold pieces.
You spent 49 gold pieces at shops.

Inventory:

Hand Weapons
 a - a +0 trident (weapon)
 u - a +0 glaive
Armour
 b - a +0 scale mail (worn)
 h - a +0 pair of boots (worn)
 o - a +0 cloak (worn)
 t - a +0 shield (worn)
 G - a +0 large shield
Jewellery
 j - an uncursed ring of ice
Wands
 s - a wand of polymorph (3/24)
 z - a wand of iceblast (8/15)
Scrolls
 e - a scroll of enchant weapon {unknown}
 i - 5 scrolls of identify {unknown}
 l - 2 scrolls of immolation {unknown}
 n - a scroll of remove curse {unknown}
 q - a scroll of enchant armour {unknown}
 r - 2 scrolls of magic mapping {unknown}
 y - 3 scrolls of noise {unknown}
 D - a scroll of amnesia {unknown}
Potions
 c - a potion of curing {unknown}
 d - a potion of might
 k - a potion of ambrosia {unknown}
 m - 3 potions of degeneration {unknown}
 p - a potion of heal wounds {unknown}
 v - 2 potions of magic {unknown}
 x - a potion of flight {unknown}
 A - 3 potions of berserk rage {unknown}
 B - a potion of beneficial mutation {unknown}
 C - a potion of lignification {unknown}
Comestibles
 f - 3 bread rations
 g - 2 slices of pizza
 w - 2 meat rations
 F - 4 fruits


   Skills:
 + Level 4.7 Fighting
 + Level 4.2 Polearms
 + Level 5.0 Armour
 * Level 7.2 Shields


You had 6 spell levels left.
You didn't know any spells.

Dungeon Overview and Level Annotations

Branches:
Dungeon (5/15)             Temple (1/1) D:5

Altars:
Gozag
Hepliaklqana
Ru
Trog
Xom
Zin

Shops:
D:5 [


Innate Abilities, Weirdness & Mutations

You are under a permanent stasis effect.
You can dig through walls and to a lower floor.
Your four strong arms can wield two-handed weapons with a shield.
You have a pair of large antennae on your head. (SInv)


Message History

An electric eel comes into view.
The electric eel shoots out a bolt of lightning at you!
The bolt of electricity hits you! x2
Found a dagger and 9 gold pieces.
There is an open door here.
The electric eel shoots out a bolt of lightning at you!
The bolt of electricity hits you!
The electric eel shoots out a bolt of lightning at you!
The bolt of electricity hits you!
The electric eel shoots out a bolt of lightning at you!
The bolt of electricity hits you!
* * * LOW HITPOINT WARNING * * *
The electric eel shoots out a bolt of lightning at you!
The bolt of electricity hits the electric eel.
The electric eel completely resists.
The bolt of electricity hits you!
* * * LOW HITPOINT WARNING * * *
There is an open door here.
The electric eel shoots out a bolt of lightning at you!
The bolt of electricity hits you!
You die...

###(##...............##########..
..(..#...............#....>.#....
..(..#...............#......#....
.....#...........[...#......#....
.....#######.........#......#....
....## ≈..###.......##'#######..
.#### #..≈#####............###
.### #≈≈≈..#)##.........# .#.#
#####@.#[#.........# .'.#
##..'###.#.........# .#.#
#.....#..#.........# .###
#.....#..#.........# .###
#PP..≈#..###'####### ...# { {
#≈.;.)#........# ...# {
#.[$≈$#........# .[.#
#;;.≈≈#........# #+## {
##≈≈≈##..##...########


You could see 3 electric eels.

Vanquished Creatures
  A necrophage (D:5)
  A centaur (D:5)
  2 scorpions
  An orc priest (D:5)
  A hound (D:5)
  An orc wizard (D:5)
  3 worker ants (D:5)
  3 adders
  11 gnolls (D:3)
  An adder zombie (D:3)
  4 dart slugs
  4 leopard geckos
  7 orcs
  8 bats
  3 giant cockroaches
  5 goblins
  11 hobgoblins
  5 jackals (D:5)
  A quokka (D:2)
  3 ball pythons
  3 frilled lizards
  6 kobolds
  8 rats
93 creatures vanquished.

Notes
Turn   | Place    | Note
-------+----------+-------------------------------------------
     0 | D:1      | Millan the Formicid Fighter began the quest for the Orb.
     0 | D:1      | Reached XP level 1. HP: 18/18 MP: 1/1
   422 | D:1      | Reached XP level 2. HP: 24/24 MP: 2/2
   463 | D:1      | Reached skill level 4 in Shields
   711 | D:1      | Reached XP level 3. HP: 27/29 MP: 3/3
  1247 | D:2      | Reached XP level 4. HP: 32/35 MP: 4/4
  2035 | D:3      | Reached skill level 5 in Shields
  2056 | D:3      | Reached XP level 5. HP: 16/42 MP: 5/5
  2452 | D:3      | Reached XP level 6. HP: 33/48 MP: 6/6
  3297 | D:4      | Reached skill level 6 in Shields
  3393 | D:5      | Entered Level 5 of the Dungeon
  3633 | D:5      | Reached XP level 7. HP: 48/54 MP: 7/7
  3973 | D:5      | Found a staircase to the Ecumenical Temple.
  3991 | D:5      | Reached skill level 5 in Armour
  3991 | D:5      | Reached skill level 7 in Shields
  4009 | Temple   | Entered the Ecumenical Temple
  4172 | Temple   | Became a worshipper of Ru the Awakened
  4188 | D:5      | Found Fyggamep's Armour Boutique.
  4196 | D:5      | Bought a +0 large shield for 49 gold pieces
  4360 | D:5      | Killed from afar by an electric eel

Skill      XL: |  1  2  3  4  5  6  7 |
---------------+----------------------+-----
Shields        | 4 5 6 7 |  7.2
Polearms       | 3 4 |  4.2
Armour         | 4 5 |  5.0
Fighting       | 4 |  4.7

Action                   |  1- 3 |  4- 6 |  7- 9 || total
-------------------------+-------+-------+-------++-------
Melee: Trident           |   121 |   214 |    74 ||   409
 Abil: Dig               |       |     1 |     1 ||     2
  Eat: Chunk             |     1 |     8 |     3 ||    12
Armor: Scale mail        |    35 |    68 |    25 ||   128
Dodge: Dodged            |    28 |    47 |    22 ||    97
Block: Shield            |    45 |   103 |    31 ||   179
